 Dungeon Crawl Stone Soup version 0.23.2-33-g5129a83184 (webtiles) character file.

Game seed: 5814805584855657617

84 psyvane the Conjurer (level 4, -1/27 HPs)
             Began as an Octopode Conjurer on July 6, 2019.
             Was an Initiate of Ru.
             Slain by a bullfrog (4 damage)
             ... on level 6 of the Dungeon.
             The game lasted 00:10:58 (2426 turns).

psyvane the Conjurer (Octopode Conjurer)            Turns: 2426, Time: 00:10:59

Health: -1/27      AC:  1    Str:  7    XL:     4   Next: 45%
Magic:  7/7        EV: 13    Int: 17    God:    Ru [......]
Gold:   131        SH:  0    Dex: 13    Spells: 0/7 levels left

rFire    . . .     SeeInvis .   (no weapon)
rCold    . . .     Gourm    .   (no shield)
rNeg     . . .     Faith    .   (helmet restricted)
rPois    .         Spirit   .   (no amulet)
rElec    .         Reflect  .   (no ring)
rCorr    .         Harm     .   (no ring)
MR       .....                  (no ring)
Stlth    +++.......             (no ring)
HPRegen  0.09/turn              (no ring)
MPRegen  0.10/turn              (no ring)
                                (no ring)
                                (no ring)

@: no status effects
A: almost no armour, stealthy swim, amphibious, 8 rings, constrict 8, camouflage
1, gelatinous body 1
a: Renounce Religion


You were on level 6 of the Dungeon.
You worshipped Ru.
Ru was noncommittal.
You were not hungry.

You visited 1 branch of the dungeon, and saw 4 of its levels.

You collected 131 gold pieces.

Inventory:

Hand Weapons
 h - a +0 dagger of holy wrath
Scrolls
 i - a scroll of enchant weapon
Potions
 a - a potion of agility
 d - a potion of lignification
Comestibles
 b - 3 rations


   Skills:
 - Level 2.0 Dodging
 - Level 2.6 Stealth
 * Level 2.0 Spellcasting
 - Level 5.7 Conjurations


You couldn't memorise any spells.
You knew the following spells:

 Your Spells              Type           Power        Failure   Level  Hunger
a - Magic Dart            Conj           ###.         1%          1    #......
b - Searing Ray           Conj           ###...       2%          2    ###....
c - Iskenderun's Mystic   Conj           ###.....     19%         4    #####..

Your spell library contained the following spells:

 Spells                   Type           Power        Failure   Level  Hunger
 Dazzling Spray           Conj/Hex       ##....       19%         3    ###....
 Force Lance              Conj/Tloc      ##......     52%         4    #####..
 Fulminant Prism          Conj/Hex       ##........   52%         4    #####..


Dungeon Overview and Level Annotations

Branches:
Dungeon (3/15)

Altars:
Ru


Innate Abilities, Weirdness & Mutations

You cannot wear most types of armour.
You are very stealthy in the water. (Stealth+)
You are amphibious.
You can wear up to eight rings at the same time.
You can use your tentacles to constrict eight enemies at once.
Your skin changes colour to match your surroundings (Stealth+).
Your rubbery body absorbs attacks. (AC +1, EV +1)


Message History

The orc wizard closely misses you. The orc wizard barely misses you.
The orc wizard casts a spell at you. The puff of frost hits you!
A bullfrog comes into view.
The orc wizard mumbles some strange words.
The orc wizard seems to speed up.
Found a lajatang and a short sword.
Found a stone staircase leading up.
An ogre comes into view. It is wielding a +0 giant spiked club.
The bullfrog croaks.
The bullfrog barely misses you.
Found a scroll of remove curse.
An adder skeleton comes into view.
The bullfrog completely misses you. The bullfrog misses you.
The bullfrog hits you. The bullfrog hits you!
* * * LOW HITPOINT WARNING * * *
There is a stone staircase leading up here.
Okay, then.
The bullfrog hits you.
You die...

....o.o#####.##....
......o.os.s.o..#
......o####..####
.......# #..########
.......# #.## #....#
....######s####....#
.#........o.o##..?.#
.##...###.##.o.Z...#
###.# #. ##..O@..#
..........FZ..#
##.#.#........#
.#.##.......# .
......#).....
..##.#.....#. ..#
#.#####.... .. ...
###


You could see an ogre, a bullfrog, a scorpion, 2 orc wizards, an orc, an adder
skeleton and a bullfrog skeleton.

Vanquished Creatures
  Robin (D:2)
  A worm (D:2)
  2 dart slugs
  10 bats
  3 giant cockroaches
  19 goblins
  5 hobgoblins
  4 frilled lizards
  11 kobolds
  3 rats
59 creatures vanquished.

Notes
Turn   | Place    | Note
-------+----------+-------------------------------------------
     0 | D:1      | psyvane the Octopode Conjurer began the quest for the Orb.
     0 | D:1      | Reached XP level 1. HP: 11/11 MP: 3/3
   184 | D:1      | Reached XP level 2. HP: 17/17 MP: 0/5
   188 | D:1      | Learned a level 2 spell: Searing Ray
   579 | D:1      | Reached XP level 3. HP: 21/21 MP: 3/6
   697 | D:1      | Reached skill level 5 in Conjurations
  1588 | D:2      | Reached XP level 4. HP: 20/27 MP: 0/7
  1594 | D:2      | Learned a level 4 spell: Iskenderun's Mystic Blast
  1795 | D:2      | Noticed Robin
  1833 | D:2      | Killed Robin
  1991 | D:2      | Found a sacrificial altar of Ru.
  2068 | D:2      | Became a worshipper of Ru the Awakened
  2405 | D:3      | You fall through a shaft for 3 floors!
  2419 | D:6      | Noticed a bullfrog
  2420 | D:6      | Noticed an ogre
  2426 | D:6      | Slain by a bullfrog

Skill      XL: |  1  2  3 |
---------------+----------+-----
Conjurations   | 5 |  5.7
Dodging        | |  2.0
Stealth        | |  2.6
Spellcasting   | |  2.0

Action                   |  1- 3 |  4- 6 || total
-------------------------+-------+-------++-------
Melee: Unarmed           |    22 |     9 ||    31
       Constrict         |     7 |     3 ||    10
       Tentacles         |     3 |     2 ||     5
 Cast: Magic Dart        |    88 |    19 ||   107
       Searing Ray       |     1 |       ||     1
  Use: Scroll            |       |     8 ||     8
  Eat: Chunk             |     3 |     3 ||     6
Armor: Skin              |     1 |       ||     1
Dodge: Dodged            |    20 |    13 ||    33
